Map: Station Proxima EC

Players

AyPrensi

  • Race: Zerg Zerg
  • League: Platinum
  • Spawn Location: 7:00

defer - Winner!

  • Race: Protoss Protoss
  • League: Diamond
  • Spawn Location: 1:00

VOD

Have the link to the VOD?

Description

Time

  • Played on: July 9, 2017, 10:28 a.m.
  • Length: 5:42
Show
View Real Time Build Order
Export as new Build Order

AyPrensi Zerg 

Build Orders: Hatch First 

Get SALT Encoding   

  12  0:01  Drone  
  13  0:13  Drone  
  14  0:18  Extractor  
  14  0:19  Drone, Extractor  
  13  0:22  Drone  
  16  0:28  Overlord  
  16  0:54  Drone  
  17  0:58  Drone  
  17  0:59  Hatchery  
  17  1:01  Drone  
  18  1:06  Extractor  
  18  1:10  Overlord  
  17  1:27  Spawning Pool  
  16  1:35  Drone x2  
  18  1:40  Drone  
  19  2:07  Overlord  
  19  2:11  Drone x2  
  19  2:14  Queen  
  19  2:15  Queen  
  25  2:18  Metabolic Boost  
  25  2:22  Zergling x2  
  26  2:25  Zergling x2  
  26  2:29  Drone  
  28  2:34  Drone x2  
  30  2:43  Zergling x2  
  31  2:55  Drone x3  
  34  3:11  Hatchery, Drone  
  34  3:12  Drone  
  35  3:19  Zergling x4  
  36  3:27  Roach Warren  
  36  3:29  Spine Crawler  
  34  3:34  Zergling x4  
  34  3:35  Zergling x2  
  34  3:37  Zergling x2  
  34  3:40  Zergling x2  
  39  3:53  Zergling x6  
  39  3:54  Zergling x2  
  42  4:02  Zergling x4  
  43  4:03  Zergling x4  
  39  4:11  Spine Crawler  
  39  4:14  Spine Crawler  
  37  4:20  Zergling x6  
  37  4:21  Zergling x2  
  41  4:25  Zergling x4  
  38  4:38  Zergling x2  
  38  4:39  Zergling x2  
  38  4:43  Zergling x4  
  32  4:55  Spine Crawler  
  32  4:57  Roach x4  
  36  5:08  Roach x3  
Show
View Real Time Build Order
Export as new Build Order

defer Protoss - Winner!

Build Orders:  

Get SALT Encoding   

  12  0:11  Pylon  
  12  0:13  Probe (Chrono Boost)  
  13  0:20  Assimilator  
  13  0:35  Gateway  
  13  0:40  Probe (Chrono Boost)  
  14  0:50  Probe (Chrono Boost)  
  15  1:01  Probe (Chrono Boost)  
  17  1:11  Probe (Chrono Boost)  
  17  1:21  Cybernetics Core  
  17  1:22  Probe (Chrono Boost)  
  18  1:30  Pylon  
  18  1:32  Probe (Chrono Boost)  
  19  1:57  Robotics Facility  
  19  1:59  Warp Gate (Chrono Boost)  
  19  2:00  Zealot  
  21  2:04  Gateway  
  21  2:20  Pylon  
  21  2:27  Zealot  
  23  2:44  Immortal (Chrono Boost)  
  27  2:53  Zealot  
  27  2:54  Zealot  
  31  3:20  Zealot  
  31  3:21  Zealot, Immortal (Chrono Boost)  
  39  3:27  Pylon  
  39  3:55  Immortal (Chrono Boost)  
  39  4:16  Zealot x2  
  43  4:29  Immortal (Chrono Boost)  
  41  4:46  Zealot x2  
  43  5:05  Immortal (Chrono Boost)  
  47  5:12  Pylon  
  47  5:33  Zealot x2  
Tags
 
Add a new tag
Caveats
  • Supply blocks, unpowered buildings, or Contaminate may cause inaccurate times.
  • Supply counts are checked every 10 seconds.